[Event "Titled Tuesday Blitz February 07 Early 2023"]
[White "Pakleza, Zbigniew"]
[Black "Chernobay, Artem"]
[WhiteFideId "1119290"]
[BlackFideId "4167406"]
[WhiteElo "2494"]
[BlackElo "2484"]
[Result "1-0"]
[Round "10"]
[TimeControl "180+2"]
[Date "2023.02.07"]
[WhiteClock "0:00:21"]
[BlackClock "0:00:02"]

1. d4 Nf6 2. Nf3 c5 3. c3 e6 4. Bf4 d5 5. e3 Bd6 6. Bg3 O-O 7. Nbd2 Qc7 8. Be2 Nbd7 9. c4 dxc4 10. Nxc4 Bxg3 11. hxg3 b5 12. Nce5 cxd4 13. Qxd4 Nxe5 14. Qxe5 Qa5+ 15. Kf1 Bb7 16. Nd4 a6 17. g4 Rad8 18. f3 Rd5 19. Qh2 h6 20. Kf2 Rfd8 21. Rhc1 e5 22. Nf5 Rd2 23. Re1 Rxb2 24. Qxe5 Rdd2 25. Rad1 Qxa2 26. Rxd2 Rxd2 27. Qb8+ Kh7 28. Qxb7 Qc2 29. Qxf7 1-0


[Site "https://www.chess.com"]

[Event "Titled Tuesday Blitz February 07 Early 2023"]
[White "Borges Feria, Yasel"]
[Black "Weetik, Vjacheslav"]
[WhiteFideId "3504921"]
[BlackFideId "4153472"]
[WhiteElo "2439"]
[BlackElo "2423"]
[Result "0-1"]
[Round "10"]
[TimeControl "180+2"]
[Date "2023.02.07"]
[WhiteClock "0:00:02"]
[BlackClock "0:00:03"]

1. e4 c6 2. Nc3 d5 3. Nf3 dxe4 4. Nxe4 Nf6 5. Qe2 Nxe4 6. Qxe4 Nd7 7. Bc4 Nf6 8. Ne5 e6 9. Qe2 b5 10. Bb3 Qc7 11. d4 Bd6 12. O-O O-O 13. c3 c5 14. Bg5 Nd5 15. Nf3 c4 16. Bc2 Bb7 17. Rfe1 Rae8 18. Qd2 f6 19. Bh4 b4 20. Bg3 bxc3 21. bxc3 Bxg3 22. hxg3 Qa5 23. Be4 Rb8 24. Rac1 Qc7 25. Qc2 g6 26. Nd2 Rbe8 27. Nf1 e5 28. Qd2 Rd8 29. dxe5 fxe5 30. Bxd5+ Rxd5 31. Qh6 Rd3 32. Re2 Qc6 33. Ne3 Qe4 34. f3 Rxf3 35. gxf3 Qxf3 36. Rf2 Qxg3+ 37. Kf1 Bf3 38. Rb1 Rd8 0-1


[Site "https://www.chess.com"]

[Event "Titled Tuesday Blitz February 07 Early 2023"]
[White "Murzin, Volodar"]
[Black "Liyanage, Ranindu Dilshan"]
[WhiteFideId "44155573"]
[BlackFideId "9915834"]
[WhiteElo "2604"]
[BlackElo "2342"]
[Result "1-0"]
[Round "10"]
[TimeControl "180+2"]
[Date "2023.02.07"]
[WhiteClock "0:00:51"]
[BlackClock "0:00:56"]

1. Nf3 d5 2. g3 g6 3. Bg2 Bg7 4. c4 dxc4 5. Na3 e5 6. Nxc4 Nc6 7. O-O Nge7 8. d3 Be6 9. Ng5 Bd5 10. Ne4 O-O 11. Ne3 Be6 12. Nc5 Bc8 13. Bd2 b6 14. Ne4 h6 15. Rc1 Bb7 16. b4 Rb8 17. Nc4 Nd4 18. e3 Ne6 19. Qb3 f5 20. Nxb6 cxb6 21. Qxe6+ Kh7 22. Nc3 Bxg2 23. Kxg2 Qxd3 24. Qxe7 Qxd2 25. Rfd1 Rbe8 26. Qxg7+ 1-0


[Site "https://www.chess.com"]

[Event "Titled Tuesday Blitz February 07 Early 2023"]
[White "EREBUNI91"]
[Black "Kosakowski, Jakub"]
[BlackFideId "1185080"]
[WhiteElo "2666"]
[BlackElo "2485"]
[Result "1-0"]
[Round "10"]
[TimeControl "180+2"]
[Date "2023.02.07"]
[WhiteClock "0:01:56"]
[BlackClock "0:01:35"]

1. e4 e5 2. Nf3 Nc6 3. d4 exd4 4. Nxd4 Bc5 5. Nb3 Bb6 6. Nc3 Nf6 7. Qe2 a5 8. a4 O-O 9. Be3 Bxe3 10. Qxe3 Re8 11. O-O-O d5 12. Bb5 Be6 13. exd5 Nxd5 14. Qg3 Ncb4 15. Bxe8 Qxe8 16. Rhe1 Qxa4 17. Nxa4 1-0


[Site "https://www.chess.com"]

[Event "Titled Tuesday Blitz February 07 Early 2023"]
[White "Shuvalova, Polina"]
[Black "Maximov, Dmitry"]
[WhiteFideId "24171760"]
[BlackFideId "14105659"]
[WhiteElo "2484"]
[BlackElo "2497"]
[Result "1-0"]
[Round "10"]
[TimeControl "180+2"]
[Date "2023.02.07"]
[WhiteClock "0:00:19"]
[BlackClock "0:00:11"]

1. e4 c5 2. Nf3 d6 3. Bb5+ Nd7 4. O-O a6 5. Bxd7+ Bxd7 6. c3 Nf6 7. Re1 e6 8. d4 cxd4 9. cxd4 d5 10. exd5 Nxd5 11. Nc3 Bc6 12. Ne5 Be7 13. Qg4 O-O 14. Bh6 Bf6 15. Ne4 Kh8 16. Nxf6 Qxf6 17. Bg5 Qf5 18. Qxf5 exf5 19. Nxc6 bxc6 20. Bd2 Rfb8 21. b3 a5 22. Rec1 Ra6 23. Rc4 h6 24. h4 Kh7 25. Rac1 Rbb6 26. Ra4 Rb5 27. Rc5 Nb4 28. Kf1 Rxc5 29. dxc5 Nd3 30. Rxa5 Rxa5 31. Bxa5 Nxc5 32. Ke2 Kg6 33. Bb6 Na6 34. a3 f4 35. Kd3 Kf5 36. f3 g5 37. hxg5 hxg5 38. Kc4 Ke5 39. Bd8 f6 40. b4 Ke6 41. a4 Nb8 42. a5 Na6 43. b5 cxb5+ 44. Kxb5 Nb8 45. Bc7 Nd7 46. a6 1-0


[Site "https://www.chess.com"]

[Event "Titled Tuesday Blitz February 07 Early 2023"]
[White "Assaubayeva, Bibisara"]
[Black "tuschessCM1"]
[WhiteFideId "13708694"]
[WhiteElo "2464"]
[BlackElo "2638"]
[Result "0-1"]
[Round "10"]
[TimeControl "180+2"]
[Date "2023.02.07"]
[WhiteClock "0:00:03"]
[BlackClock "0:00:13"]

1. e4 c6 2. Nc3 d5 3. Nf3 dxe4 4. Nxe4 Nf6 5. Nxf6+ exf6 6. d4 Bd6 7. Bd3 O-O 8. c3 Bg4 9. Be3 Nd7 10. h3 Bh5 11. Qc2 Bg6 12. O-O-O Re8 13. Kb1 b5 14. h4 Nb6 15. h5 Bxd3 16. Qxd3 Qe7 17. Rh4 Qe6 18. Re1 Nc4 19. Bc1 Qd7 20. Rhe4 Nb6 21. Nh4 Bf8 22. g4 Re6 23. Rxe6 fxe6 24. h6 g6 25. Nxg6 hxg6 26. Qxg6+ Kh8 27. Qxf6+ Kg8 28. Rxe6 Nd5 29. Qg5+ Kh8 30. Qe5+ Kg8 31. g5 Nc7 32. g6 Bg7 33. Re7 Bxe5 34. Rxd7 Bh2 35. f4 Nd5 36. h7+ Kh8 37. Rf7 Re8 38. f5 Bf4 39. Bxf4 Nxf4 40. Kc2 Nd5 41. Rxa7 Ne3+ 42. Kd3 Nxf5 43. Rc7 Ne7 44. b3 Nxg6 45. Rxc6 Nf4+ 46. Kd2 Re2+ 47. Kd1 Rxa2 48. Rc5 Ne2 49. d5 Kxh7 50. d6 Nf4 51. d7 Ra8 52. Rc8 Ra1+ 53. Kd2 Ra2+ 54. Ke3 Ne6 55. Re8 Ra6 56. d8=Q Nxd8 57. Rxd8 Ra3 0-1


[Site "https://www.chess.com"]

[Event "Titled Tuesday Blitz February 07 Early 2023"]
[White "Sattarov, Bobir"]
[Black "Mohamed Anees M"]
[WhiteFideId "14203081"]
[BlackFideId "35065815"]
[WhiteElo "2366"]
[BlackElo "2315"]
[Result "1-0"]
[Round "10"]
[TimeControl "180+2"]
[Date "2023.02.07"]
[WhiteClock "0:00:11"]
[BlackClock "0:00:21"]

1. e4 c5 2. Nf3 Nc6 3. d4 cxd4 4. Nxd4 Nf6 5. Nc3 d6 6. f3 e5 7. Nb3 Be7 8. Be3 O-O 9. Qd2 a5 10. Bb5 Na7 11. Bxa7 Rxa7 12. O-O-O Ra8 13. Kb1 Be6 14. Qe3 Qc7 15. Na4 d5 16. Qb6 Qb8 17. Nbc5 Bd8 18. Qxb7 Qxb7 19. Nxb7 Rb8 20. Bc6 dxe4 21. fxe4 Bc7 22. Nac5 Bg4 23. Rd3 Bb6 24. h3 Bxc5 25. hxg4 Rfc8 26. Nxc5 Rxc6 27. Nd7 Nxd7 28. Rxd7 Rg6 29. Rf1 f6 30. Ra7 Rb5 31. a4 Rc5 32. Rd1 h6 33. Rd5 Rc4 34. Raxa5 Rxg4 35. Ra8+ Kh7 36. a5 Rxg2 37. c3 Rxe4 38. a6 Rg1+ 39. Kc2 Ra4 40. b4 e4 41. b5 e3 42. Re8 Rg2+ 43. Kb3 Raa2 44. Rxe3 Rgb2+ 45. Kc4 Ra5 46. Re7 Rg2 47. a7 1-0


[Site "https://www.chess.com"]

[Event "Titled Tuesday Blitz February 07 Early 2023"]
[White "Janaszak, Dawid"]
[Black "Bilych, Olexiy"]
[WhiteFideId "1119206"]
[BlackFideId "14156504"]
[WhiteElo "2316"]
[BlackElo "2441"]
[Result "0-1"]
[Round "10"]
[TimeControl "180+2"]
[Date "2023.02.07"]
[WhiteClock "0:00:01"]
[BlackClock "0:00:14"]

1. e4 c5 2. Nc3 Nc6 3. Bb5 Nd4 4. Nf3 g6 5. O-O Bg7 6. e5 Nh6 7. Re1 O-O 8. d3 d6 9. exd6 Qxd6 10. Ne4 Qc7 11. Nxd4 cxd4 12. h3 Nf5 13. Bc4 b6 14. Qf3 Bb7 15. Bf4 e5 16. Bg5 h6 17. Bd2 Kh8 18. Bb3 Nd6 19. Qg3 Nxe4 20. dxe4 a5 21. a4 Kh7 22. Rac1 Rad8 23. f3 Ba6 24. Kh1 f5 25. exf5 gxf5 26. Qh4 Rd6 27. c4 Rg6 28. Bc2 Bb7 29. Bb1 Qc6 30. b4 Rxg2 31. Be4 fxe4 32. Kxg2 exf3+ 33. Kf2 e4 34. b5 e3+ 35. Kf1 Qg6 36. Qg4 Qxg4 0-1


[Site "https://www.chess.com"]

[Event "Titled Tuesday Blitz February 07 Early 2023"]
[White "Costachi, Mihnea"]
[Black "Poliakova, Varvara"]
[WhiteFideId "1217518"]
[BlackFideId "13518313"]
[WhiteElo "2476"]
[BlackElo "2010"]
[Result "1-0"]
[Round "10"]
[TimeControl "180+2"]
[Date "2023.02.07"]
[WhiteClock "0:01:42"]
[BlackClock "0:02:21"]

1. Nc3 e5 2. e4 Nf6 3. Bc4 Bc5 4. d3 c6 5. Nf3 d5 6. exd5 cxd5 7. Bb5+ Bd7 8. Nxe5 Bxb5 9. Nxb5 Qb6 10. d4 Qxb5 11. dxc5 Qxc5 12. O-O O-O 13. Bg5 Ne4 14. Be3 Qe7 15. Qxd5 Nf6 16. Qc5 Qxc5 17. Bxc5 Rc8 18. Nd3 b6 19. Bd4 Rxc2 20. Bc3 Nc6 21. Bxf6 gxf6 22. Rac1 Rxc1 23. Rxc1 Rd8 24. Nf4 Nb4 25. a3 Nd3 26. Rd1 1-0


[Site "https://www.chess.com"]

[Event "Titled Tuesday Blitz February 07 Early 2023"]
[White "Dehtiarov, Roman"]
[Black "Podetti, Davide"]
[WhiteFideId "14186640"]
[BlackFideId "893617"]
[WhiteElo "2289"]
[BlackElo "2281"]
[Result "1-0"]
[Round "10"]
[TimeControl "180+2"]
[Date "2023.02.07"]
[WhiteClock "0:01:07"]
[BlackClock "0:00:49"]

1. e4 e5 2. Nf3 Nc6 3. Bb5 a6 4. Ba4 Nf6 5. d4 exd4 6. O-O Be7 7. e5 Ne4 8. Nxd4 Nc5 9. Nf5 O-O 10. Qg4 g6 11. Bxc6 dxc6 12. Nxe7+ Qxe7 13. Qg3 Bf5 14. Nc3 f6 15. exf6 Qxf6 16. Qxc7 Bxc2 17. Be3 Rf7 18. Qg3 Ne4 19. Nxe4 Bxe4 20. Rfe1 Bd5 21. Rad1 Re8 22. Bd2 Rfe7 23. Rxe7 Qxe7 24. h4 Qe2 25. Re1 Qxd2 26. Rxe8+ Kf7 27. Qe5 Qc1+ 28. Kh2 Qc5 29. Rh8 1-0


[Site "https://www.chess.com"]

[Event "Titled Tuesday Blitz February 07 Early 2023"]
[White "Oro, Faustino"]
[Black "Ilkhomi, Jaloliddin"]
[WhiteFideId "20000197"]
[BlackFideId "14700948"]
[WhiteElo "2269"]
[BlackElo "1997"]
[Result "0-1"]
[Round "10"]
[TimeControl "180+2"]
[Date "2023.02.07"]
[WhiteClock "0:00:01"]
[BlackClock "0:00:12"]

1. e4 e6 2. d4 d5 3. Nd2 Be7 4. Ngf3 Nf6 5. Bd3 c5 6. exd5 Nxd5 7. O-O cxd4 8. Nxd4 Nb4 9. Bb5+ Bd7 10. Bc4 N8c6 11. N4f3 Na5 12. Be2 Rc8 13. c3 Nd5 14. Ne5 Bd6 15. Nxd7 Qxd7 16. Nf3 Nc6 17. Qa4 Ne5 18. Qxd7+ Kxd7 19. Nd4 a6 20. Rd1 Ke7 21. Bg5+ f6 22. Bc1 Rhd8 23. g3 Nc6 24. Nxc6+ Rxc6 25. Bf3 Bc5 26. Bd2 Rcd6 27. Re1 Kf7 28. a3 Ba7 29. c4 Ne7 30. Bb4 R6d7 31. Kf1 Nc6 32. Bc3 Bd4 33. Rac1 Bxc3 34. Rxc3 Rd2 35. b4 Ra2 36. b5 axb5 37. cxb5 Nd4 38. Bxb7 Nxb5 39. Rb3 Nd4 40. Rd3 e5 41. Rc1 Kg6 42. Be4+ Kh6 43. Re3 Rb8 44. Rcc3 Rbb2 45. Kg1 Rxf2 0-1


[Site "https://www.chess.com"]

[Event "Titled Tuesday Blitz February 07 Early 2023"]
[White "Shimanov, Aleksandr"]
[Black "Gascon Del Nogal, Jose Rafael"]
[WhiteFideId "4198603"]
[BlackFideId "3902463"]
[WhiteElo "2581"]
[BlackElo "2459"]
[Result "1-0"]
[Round "10"]
[TimeControl "180+2"]
[Date "2023.02.07"]
[WhiteClock "0:00:05"]
[BlackClock "0:00:03"]

1. d4 Nf6 2. Bg5 d5 3. Nd2 Bf5 4. e3 c6 5. Bxf6 exf6 6. Bd3 Be6 7. Ne2 Bd6 8. O-O O-O 9. c4 dxc4 10. Bxc4 Bg4 11. Qb3 Qb6 12. Nc3 Nd7 13. h3 Bh5 14. Rac1 Rfe8 15. Rfe1 f5 16. Qc2 Bg6 17. Bd3 f4 18. Nc4 Qc7 19. e4 f3 20. e5 Bb4 21. gxf3 Nf8 22. a3 Be7 23. f4 Ne6 24. Ne2 Bxd3 25. Qxd3 Rad8 26. Rcd1 g6 27. f5 gxf5 28. Qxf5 Kh8 29. Qxf7 Rg8+ 30. Kh1 Qd7 31. Nd6 Ng5 32. Qf5 Bxd6 33. Qxd7 Rxd7 34. exd6 Nxh3 35. Rf1 Rxd6 36. Ng3 Rh6 37. Kg2 Nf4+ 38. Kf3 Rf6 39. Ne4 Rf7 40. Nd6 Rf6 41. Ne4 Rff8 42. Ke3 Nd5+ 43. Ke2 Re8 44. f3 Rg2+ 45. Rf2 Nf4+ 46. Ke3 Nd5+ 47. Ke2 Nf4+ 48. Kf1 Nd5 49. Kxg2 Ne3+ 50. Kg3 Nxd1 51. Rd2 Ne3 52. Kf2 Nd5 53. Nd6 Re7 54. Nf5 Rf7 55. Nd6 Re7 56. Nc4 Kg7 57. Ne5 Kf6 58. Kg3 Rg7+ 59. Kf2 Nf4 60. Ng4+ Kf5 61. Ne3+ Ke6 62. Rd1 h5 63. Rh1 Rh7 64. Ke1 h4 65. Kd2 h3 66. Ng4 Kf5 67. Ke3 Ne6 68. Nf2 Nf4 69. Ne4 Rg7 70. Nd6+ Kg5 71. Rg1+ Ng2+ 72. Kf2 Kf4 73. Ne4 h2 74. Rh1 Ne3 75. Rxh2 Nd1+ 76. Ke2 Ne3 77. Rh4+ Kf5 78. Kxe3 1-0


[Site "https://www.chess.com"]

[Event "Titled Tuesday Blitz February 07 Early 2023"]
[White "Bok, Benjamin"]
[Black "Tillyaev, Ulugbek"]
[WhiteFideId "1017063"]
[BlackFideId "14202441"]
[WhiteElo "2607"]
[BlackElo "2287"]
[Result "1-0"]
[Round "10"]
[TimeControl "180+2"]
[Date "2023.02.07"]
[WhiteClock "0:00:53"]
[BlackClock "0:00:31"]

1. d4 Nf6 2. c4 e6 3. Nc3 Bb4 4. Qc2 d5 5. a3 Bxc3+ 6. Qxc3 O-O 7. Bg5 h6 8. Bxf6 Qxf6 9. Nf3 Nc6 10. e3 Bd7 11. Rc1 Rac8 12. b4 Be8 13. Bd3 dxc4 14. Bxc4 Ne7 15. O-O Ng6 16. b5 c6 17. Bd3 Bd7 18. Bxg6 fxg6 19. Ne5 Qd8 20. Qb4 cxb5 21. Rxc8 Bxc8 22. Rc1 Kh7 23. Qxb5 b6 24. Qd3 Qf6 25. f3 Rd8 26. Qe4 Ba6 27. h4 h5 28. Rc7 Rc8 29. Rf7 Rc1+ 30. Kh2 1-0


[Site "https://www.chess.com"]

[Event "Titled Tuesday Blitz February 07 Early 2023"]
[White "Malek, Jan"]
[Black "Kalogeris, Ioannis"]
[WhiteFideId "21864080"]
[BlackFideId "4239563"]
[WhiteElo "2370"]
[BlackElo "2423"]
[Result "0-1"]
[Round "10"]
[TimeControl "180+2"]
[Date "2023.02.07"]
[WhiteClock "0:00:05"]
[BlackClock "0:00:14"]

1. c4 Nf6 2. Nc3 c6 3. Nf3 d5 4. e3 g6 5. b3 Bg7 6. Bb2 O-O 7. Be2 Re8 8. d4 Bf5 9. O-O Ne4 10. Bd3 Nxc3 11. Bxc3 Bxd3 12. Qxd3 Nd7 13. e4 dxe4 14. Qxe4 a5 15. a4 Nc5 16. Qc2 Ne6 17. Rad1 Qc7 18. Rfe1 Rad8 19. g3 Nf8 20. Re4 Nd7 21. Rde1 e6 22. R4e2 Rf8 23. h4 Rfe8 24. h5 Nf6 25. hxg6 hxg6 26. Kg2 Nh5 27. Rh1 c5 28. dxc5 Qxc5 29. Bxg7 Kxg7 30. Re5 Qc6 31. Rxa5 e5 32. Qc3 f6 33. Rb5 b6 34. Qe3 Rd6 35. Rh4 Red8 36. Qe4 Nf4+ 37. Rxf4 exf4 38. Qxc6 Rxc6 39. gxf4 Rd3 40. Ne1 Rc3 41. Nf3 Kf7 42. Nd2 Re6 43. Nf1 Rc2 44. Ne3 Rxe3 45. Rxb6 Ree2 46. a5 Rxf2+ 47. Kg3 Rfd2 48. Kf3 f5 49. Ke3 Re2+ 50. Kd3 Rcd2+ 51. Kc3 Ra2 52. a6 Re6 53. Rb7+ Re7 54. Rb6 Re6 55. Rb7+ Kf6 56. c5 Rexa6 57. Kc4 Rc2+ 58. Kb5 Re6 59. b4 g5 60. fxg5+ Kxg5 61. Rg7+ Kf6 62. Rd7 f4 63. Rd8 Ke7 64. Rd3 Rf6 65. Rf3 Ke6 66. c6 Ke5 67. Rf1 Rcxc6 68. Re1+ Kf5 69. Ka5 Ra6+ 70. Kb5 Rae6 71. Rh1 f3 72. Ka5 f2 73. Rf1 Ke4 74. b5 Ke3 75. Rb1 f1=Q 0-1


[Site "https://www.chess.com"]

[Event "Titled Tuesday Blitz February 07 Early 2023"]
[White "Souleidis, Georgios"]
[Black "Leiva, Gianmarco"]
[WhiteFideId "4206827"]
[BlackFideId "3804399"]
[WhiteElo "2419"]
[BlackElo "2392"]
[Result "1/2-1/2"]
[Round "10"]
[TimeControl "180+2"]
[Date "2023.02.07"]
[WhiteClock "0:00:39"]
[BlackClock "0:00:32"]

1. e4 c5 2. Be2 Nf6 3. d3 Nc6 4. f4 g6 5. Nf3 Bg7 6. O-O O-O 7. c3 b5 8. a3 d6 9. Kh1 a5 10. Be3 Bb7 11. Nbd2 e5 12. fxe5 Ng4 13. Bg1 Ngxe5 14. Nxe5 Bxe5 15. Nf3 Bg7 16. d4 cxd4 17. cxd4 b4 18. Bd3 Ba6 19. Bxa6 Rxa6 20. d5 Ne5 21. axb4 Nxf3 22. Qxf3 Bxb2 23. Rxa5 Rxa5 24. bxa5 Qxa5 25. Be3 Qa3 26. Bf4 Qxf3 27. gxf3 Be5 28. Bxe5 dxe5 29. Rc1 Kg7 30. Kg2 Ra8 31. Kg3 Ra2 32. h4 Rd2 33. Rc7 h5 34. Rc6 Rd3 35. Rc7 Rd2 36. Rb7 Rd3 37. Rc7 Kf6 38. Rc6+ Ke7 39. Rc7+ Ke8 40. Rc6 Kd7 41. Rf6 Ke7 42. Ra6 f5 43. Re6+ Kf7 44. Rxe5 fxe4 45. Rxe4 Rxd5 46. Ra4 Rd1 47. Ra7+ Kf6 48. Ra6+ Kg7 49. Ra7+ Kh6 50. Ra6 Rg1+ 51. Kf2 Rb1 52. Kg3 Rb4 53. Rc6 Rd4 54. Rb6 Kg7 55. Rb7+ Kg8 56. Ra7 Kf8 57. Rb7 Rc4 58. Ra7 Rb4 59. Rc7 Rb1 60. Kf4 Rb5 61. Ra7 Rf5+ 62. Kg3 Rf7 63. Ra6 Kg7 64. Rb6 Ra7 65. Rc6 Kf7 66. Rb6 Rd7 67. Ra6 Re7 68. Rb6 Re1 69. Ra6 Rg1+ 70. Kf2 Rh1 71. Kg3 Re1 72. Ra7+ Kf6 73. Ra6+ Kf5 74. Ra5+ Re5 75. Ra6 Rb5 76. Rc6 Rd5 77. Rb6 Re5 78. Rc6 Re1 79. Rb6 Rg1+ 80. Kf2 Rh1 81. Kg3 Rg1+ 82. Kf2 Rc1 83. Kg3 Rc5 84. Ra6 Rd5 85. Rb6 g5 86. hxg5 Kxg5 87. Rb4 Rf5 88. Rc4 Ra5 89. Rd4 Rb5 90. Rc4 Rb1 91. Rc5+ Kg6 92. Rc6+ Kg7 93. Rc5 Kg6 94. Rc6+ Kg5 95. Rc5+ Kh6 96. Rc6+ Kg5 97. Rc5+ 1/2-1/2


[Site "https://www.chess.com"]

[Event "Titled Tuesday Blitz February 07 Early 2023"]
[White "Iskusnyh, Sergei"]
[Black "Aradhya, Garg"]
[WhiteFideId "4120027"]
[BlackFideId "25006746"]
[WhiteElo "2440"]
[BlackElo "2284"]
[Result "0-1"]
[Round "10"]
[TimeControl "180+2"]
[Date "2023.02.07"]
[WhiteClock "0:00:01"]
[BlackClock "0:01:06"]

1. d4 d5 2. c4 c6 3. Nf3 Nf6 4. e3 Bf5 5. Nc3 e6 6. Nh4 Be4 7. f3 Bg6 8. Bd2 Nbd7 9. Nxg6 hxg6 10. Qc2 Bd6 11. O-O-O Rxh2 12. Rxh2 Bxh2 13. g4 Qc7 14. g5 Nh5 15. f4 Bg3 16. Kb1 Nxf4 17. exf4 Bxf4 18. cxd5 cxd5 19. Bxf4 Qxf4 20. Bb5 Qf5 21. Bd3 Qxg5 22. Nb5 Kf8 23. Qh2 Qd8 24. Nd6 Nf6 25. Nxb7 Qb8 26. Nd6 Ke7 27. Rc1 Qxd6 28. Rc7+ Nd7 29. Qc2 Rh8 30. a3 Rh2 31. Qc3 Rh3 32. Rxa7 g5 33. Qc2 Kf6 34. Qf2+ Qf4 35. Qe2 Nb6 36. Bb5 Nc8 37. Rc7 Qxc7 38. Qf1+ Qf4 39. Qxh3 Qxd4 40. Qh8 Ne7 41. Qd8 g4 42. a4 g3 0-1


[Site "https://www.chess.com"]

[Event "Titled Tuesday Blitz February 07 Early 2023"]
[White "Martynov, Pavel"]
[Black "Md, Imran"]
[WhiteFideId "4101260"]
[BlackFideId "25748580"]
[WhiteElo "2414"]
[BlackElo "2284"]
[Result "1-0"]
[Round "10"]
[TimeControl "180+2"]
[Date "2023.02.07"]
[WhiteClock "0:00:14"]
[BlackClock "0:00:13"]

1. e4 c5 2. Nf3 d6 3. Bb5+ Bd7 4. Bxd7+ Qxd7 5. O-O Nc6 6. c3 g6 7. d4 Bg7 8. Re1 Nf6 9. h3 O-O 10. Bf4 cxd4 11. cxd4 d5 12. Ne5 Qe6 13. Nc3 dxe4 14. d5 Nxd5 15. Qxd5 Nxe5 16. Qxe4 Nc4 17. Qxb7 Qf5 18. Bg3 e6 19. Rab1 Rac8 20. Ne4 Rfd8 21. b3 Na5 22. Qxa7 Nc6 23. Qb7 Qd5 24. Rbd1 Qxd1 25. Rxd1 Rxd1+ 26. Kh2 Rdd8 27. Nd6 Na5 28. Qxf7+ Kh8 29. Nxc8 Rxc8 30. Qxe6 Rg8 31. Be5 1-0


[Site "https://www.chess.com"]

[Event "Titled Tuesday Blitz February 07 Early 2023"]
[White "Csonka, Balazs"]
[Black "Pinheiro, Iung Alicio de O."]
[WhiteFideId "742910"]
[BlackFideId "2104350"]
[WhiteElo "2496"]
[BlackElo "2306"]
[Result "1-0"]
[Round "10"]
[TimeControl "180+2"]
[Date "2023.02.07"]
[WhiteClock "0:00:08"]
[BlackClock "0:00:10"]

1. e4 c5 2. Nc3 Nc6 3. Bb5 Nd4 4. Nf3 e6 5. O-O a6 6. Bd3 Nc6 7. Nd5 d6 8. Ne3 Nf6 9. Re1 Be7 10. c3 O-O 11. Bc2 e5 12. d4 cxd4 13. cxd4 exd4 14. Nxd4 Nxd4 15. Qxd4 Re8 16. b3 Bf8 17. Bb2 Be6 18. Rac1 Qa5 19. Bc3 Qh5 20. Bd1 Qg6 21. Bf3 Nd7 22. g3 Ne5 23. Bg2 Nc6 24. Qd2 Qh6 25. f4 Bh3 26. Nf5 Qh5 27. Bxh3 Qxh3 28. Rcd1 Rad8 29. Qg2 Qxg2+ 30. Kxg2 g6 31. Nh4 Bg7 32. Bxg7 Kxg7 33. Nf3 Re6 34. Kf2 Rde8 35. Ng5 R6e7 36. Rxd6 h6 37. Nf3 Rxe4 38. Rxe4 Rxe4 39. Rd7 Re7 40. Rxe7 Nxe7 41. Ke3 Kf6 42. Ke4 Ke6 43. Ne5 Nd5 44. Kd4 Ne7 45. Nc4 Kd7 46. Ne5+ Ke6 47. Kc5 f6 48. Nc4 Nd5 49. a4 h5 50. a5 g5 51. fxg5 fxg5 52. Nd6 Nf6 53. Nxb7 Ne4+ 54. Kc6 Nd2 55. Nc5+ Ke7 56. b4 Nc4 57. Nxa6 h4 58. gxh4 g4 59. Kc5 Ne5 60. b5 Nf3 61. b6 Nxh2 62. b7 g3 63. b8=Q g2 64. Qxh2 g1=Q+ 65. Qxg1 Ke6 66. h5 Kf5 67. h6 Ke6 68. h7 1-0


[Site "https://www.chess.com"]

[Event "Titled Tuesday Blitz February 07 Early 2023"]
[White "Adla, Diego"]
[Black "Papasimakopoulos, Alexandros"]
[WhiteFideId "100072"]
[BlackFideId "4244125"]
[WhiteElo "2383"]
[BlackElo "2401"]
[Result "0-1"]
[Round "10"]
[TimeControl "180+2"]
[Date "2023.02.07"]
[WhiteClock "0:01:06"]
[BlackClock "0:00:09"]

1. Nf3 f5 2. g3 Nf6 3. Bg2 g6 4. O-O Bg7 5. b3 O-O 6. Bb2 a5 7. a4 d6 8. d3 e5 9. Nbd2 h6 10. h3 g5 11. e3 Kh8 12. d4 e4 13. Nh2 d5 14. f3 Be6 15. fxe4 fxe4 16. Ba3 Rf7 17. g4 Nc6 18. Rf2 Nb4 19. Ndf1 b6 20. Ng3 c5 21. Bb2 Qc7 22. Nhf1 Rc8 23. Nf5 c4 24. N1g3 c3 25. Ba3 Bf8 26. Bxb4 axb4 27. Bf1 Bd6 28. Kg2 Kh7 29. Bb5 Bxg3 30. Nxg3 Rcf8 31. Qe2 Ng8 32. Raf1 Ne7 33. Rxf7+ Rxf7 34. Rxf7+ Bxf7 35. Qf2 Ng6 36. Qf6 Qe7 37. Qxb6 Nh4+ 38. Kf2 Be6 39. Be2 Qf6+ 40. Ke1 Ng2+ 41. Kd1 Nxe3+ 42. Kc1 Qf2 43. Qxe6 Qe1+ 0-1


[Site "https://www.chess.com"]

[Event "Titled Tuesday Blitz February 07 Early 2023"]
[White "Djokovic, Nebojsa"]
[Black "Fiorito, Joaquin"]
[WhiteFideId "938300"]
[BlackFideId "180173"]
[WhiteElo "2119"]
[BlackElo "2405"]
[Result "0-1"]
[Round "10"]
[TimeControl "180+2"]
[Date "2023.02.07"]
[WhiteClock "0:00:46"]
[BlackClock "0:00:52"]

1. e4 c6 2. Nf3 d5 3. Nc3 Bg4 4. d4 e6 5. h3 Bh5 6. exd5 exd5 7. g4 Bg6 8. Qe2+ Be7 9. Bf4 Nd7 10. O-O-O Ngf6 11. Re1 Ne4 12. Nxe4 Bxe4 13. Rg1 O-O 14. Nd2 Bg5 15. Bxg5 Qxg5 16. h4 Qxh4 17. Nxe4 dxe4 18. Qxe4 Nf6 19. Qg2 Rfe8 20. Be2 Qg5+ 21. Kb1 Qd2 22. Qh1 Rxe2 23. Rd1 Qxc2+ 24. Ka1 Qxb2# 0-1


[Site "https://www.chess.com"]

[Event "Titled Tuesday Blitz February 07 Early 2023"]
[White "Megalios, Konstantinos"]
[Black "Bulmaga, Irina"]
[WhiteFideId "4238044"]
[BlackFideId "13903063"]
[WhiteElo "2372"]
[BlackElo "2422"]
[Result "0-1"]
[Round "10"]
[TimeControl "180+2"]
[Date "2023.02.07"]
[WhiteClock "0:00:11"]
[BlackClock "0:00:14"]

1. Nf3 Nf6 2. g3 b6 3. Bg2 Bb7 4. O-O c5 5. c4 e6 6. b3 Be7 7. Bb2 Qc8 8. Nc3 O-O 9. Rc1 Nc6 10. Re1 a6 11. e3 Rd8 12. d4 cxd4 13. exd4 Qb8 14. d5 Na5 15. Nd4 b5 16. Ne4 bxc4 17. Nxf6+ Bxf6 18. b4 Bxd5 19. Bxd5 exd5 20. Qa4 Bxd4 21. Bxd4 Nc6 22. Bc5 Qb5 23. Qd1 d6 24. a4 Qb7 25. Bd4 Qxb4 26. Bc3 Qc5 27. Qg4 d4 28. Bd2 Ne5 29. Qe4 Qc6 30. Qxc6 Nxc6 31. Rxc4 Ne5 0-1


[Site "https://www.chess.com"]

[Event "Titled Tuesday Blitz February 07 Early 2023"]
[White "Vlassov, Nikolai"]
[Black "Moksh Amit Doshi"]
[WhiteFideId "4103360"]
[BlackFideId "25064967"]
[WhiteElo "2283"]
[BlackElo "2401"]
[Result "0-1"]
[Round "10"]
[TimeControl "180+2"]
[Date "2023.02.07"]
[WhiteClock "0:00:09"]
[BlackClock "0:01:42"]

1. e4 c5 2. c3 Nf6 3. e5 Nd5 4. d4 d6 5. c4 Nb4 6. dxc5 dxc5 7. Qxd8+ Kxd8 8. Na3 Bf5 9. Bg5 N8c6 10. Nf3 Be4 11. e6 Bxf3 12. gxf3 Nd4 13. O-O-O fxe6 14. Nb5 e5 15. f4 a6 16. Nc3 h6 17. Ne4 hxg5 18. fxe5 e6 19. Nxg5 Ke8 20. Bg2 Be7 21. Ne4 Nxa2+ 22. Kb1 Nb4 23. f4 Rd8 24. Nc3 Nbc6 25. Be4 Rh4 26. Rdf1 Kd7 27. Rf2 Rf8 28. Rhf1 Kc7 0-1


[Site "https://www.chess.com"]

[Event "Titled Tuesday Blitz February 07 Early 2023"]
[White "Tristan, Leonardo"]
[Black "Bagwe Gaurang"]
[WhiteFideId "113816"]
[BlackFideId "45039895"]
[WhiteElo "2545"]
[BlackElo "2067"]
[Result "1-0"]
[Round "10"]
[TimeControl "180+2"]
[Date "2023.02.07"]
[WhiteClock "0:00:39"]
[BlackClock "0:00:04"]

1. d4 d5 2. Nf3 Nf6 3. Bf4 c5 4. e3 Nc6 5. Nbd2 Qb6 6. dxc5 Qxb2 7. Rb1 Qc3 8. Bb5 e6 9. Ne5 a6 10. Bxc6+ bxc6 11. O-O Bxc5 12. Rb3 Qa5 13. Nxc6 Qa4 14. Rc3 Qxc6 15. Nb3 Ne4 16. Qd3 Bb7 17. Nxc5 Nxc5 18. Qd4 Rc8 19. Qxg7 Rf8 20. Rb1 d4 21. exd4 e5 22. Rxc5 Qxg2+ 23. Qxg2 1-0


[Site "https://www.chess.com"]